 Dungeon Crawl Stone Soup version 0.18.1-48-g4cf74bf (webtiles) character file.

12036 Heedrag the Destroyer (level 11, -1/64 HPs)
             Began as a Deep Elf Conjurer on Sept 1, 2016.
             Was an Elder of Vehumet.
             Slain by a black mamba (9 damage)
             ... on level 1 of the Lair of Beasts.
             The game lasted 00:39:00 (12587 turns).

Heedrag the Destroyer (Deep Elf Conjurer)          Turns: 12587, Time: 00:39:00

Health: -1/64      AC: 13    Str:  8    XL:     11   Next: 57%
Magic:  1/27       EV: 17    Int: 21    God:    Vehumet [****..]
Gold:   582        SH:  0    Dex: 15    Spells: 4 memorised, 20 levels left

rFire  . . .     SeeInvis .     F - +3 trident (protect)
rCold  + . .     Gourm    .     a - +0 robe
rNeg   . . .     Faith    .     (no shield)
rPois  .         Spirit   .     (no helmet)
rElec  .         Dismiss  .     U - +2 cloak
rCorr  .         Reflect  .     V - +0 pair of gloves
SustAt .         Harm     .     y - +1 pair of boots
MR     +....                    (no amulet)
Stlth  ++........               Q - +1 ring of evasion
                                w - ring of protection from cold

@: lethally poisoned (-1 -> -5), somewhat resistant to hostile enchantments,
unstealthy
A: no striking features
a: Renounce Religion


You were on level 1 of the Lair of Beasts.
You worshipped Vehumet.
Vehumet was greatly pleased with you.
You were not hungry.

You visited 3 branches of the dungeon, and saw 13 of its levels.

You collected 582 gold pieces.

Inventory:

Hand Weapons
 k - a +0 short sword
 t - a +0 short sword of speed
 F - a +3 trident of protection (weapon)
 N - a +0 scimitar of flaming
 Z - a +4 dagger of chaos
Armour
 a - a +0 robe (worn)
 y - a +1 pair of boots (worn)
 U - a +2 cloak (worn)
 V - a +0 pair of gloves (worn)
Jewellery
 l - an uncursed ring of wizardry {unknown}
 p - an uncursed ring of ice
 w - a ring of protection from cold (left hand)
 E - an uncursed ring of protection from cold
 Q - a +1 ring of evasion (right hand)
 Y - the ring "Rauchos" {SustAt rC- rN+ Int+3}
   (You found it on level 9 of the Dungeon)

   [ring of sustain attributes]

   It sustains your strength, intelligence and dexterity.
   It affects your intelligence (+3).
   It makes you vulnerable to cold.
   It protects you from negative energy.
Wands
 j - a wand of flame (41/48)
 m - a wand of iceblast (3/15)
 s - a wand of slowing (21/48)
 u - a wand of flame (18/48)
 z - a wand of confusion (31/48)
 I - a wand of random effects (23/48)
 J - a wand of iceblast (7/15)
 K - a wand of digging (17/24)
 M - a wand of disintegration (13/24)
 O - a wand of lightning (10/15)
 R - a wand of random effects (16/48)
 T - a wand of acid (3/15)
Scrolls
 f - 4 scrolls of enchant weapon {unknown}
 h - 6 scrolls of identify
 n - 2 scrolls of blinking {unknown}
 r - 3 scrolls of remove curse {unknown}
 v - 4 scrolls of recharging {unknown}
 B - a scroll of immolation
 D - 2 scrolls of random uselessness
Potions
 d - 2 potions of lignification
 e - a potion of magic
 o - a potion of might
 A - a potion of brilliance
 G - 2 potions of cure mutation
 H - 2 potions of haste
 L - a potion of heal wounds {unknown}
 P - a potion of berserk rage
Books
 b - a book of Conjurations

   Spells                             Type                      Level
   a - Magic Dart                     Conjuration                  1
   b - Searing Ray                    Conjuration                  2
   c - Dazzling Spray                 Conjuration/Hexes            3
   d - Fulminant Prism                Conjuration/Hexes            4
   e - Iskenderun's Mystic Blast      Conjuration                  4
   f - Iskenderun's Battlesphere      Conjuration/Charms           5
 q - a book of Misfortune

   Spells                             Type                      Level
   a - Confusing Touch                Hexes                        2
   b - Confuse                        Hexes                        3
   c - Gell's Gravitas                Hexes/Translocation          3
   d - Petrify                        Transmutation/Earth          4
   e - Metabolic Englaciation         Hexes/Ice                    5
   f - Yara's Violent Unravelling     Hexes/Transmutation          5
 W - a Grand Grimoire

   Spells                             Type                      Level
   a - Monstrous Menagerie            Summoning                    7
   b - Summon Greater Demon           Summoning                    7
   c - Malign Gateway                 Summoning/Translocation      7
   d - Summon Horrible Things         Summoning                    8
Comestibles
 c - 12 bread rations
 g - 6 meat rations
 S - 2 beef jerkies


   Skills:
 * Level 6.2 Fighting
 + Level 7.2 Dodging
 - Level 2.4 Stealth
 + Level 10.9 Spellcasting
 * Level 13.0 Conjurations
 + Level 9.0 Charms
 + Level 4.3 Fire Magic


You had 20 spell levels left.
You knew the following spells:

 Your Spells              Type           Power        Failure   Level  Hunger
a - Magic Dart            Conj           ####         1%          1    None
b - Iskenderun's Mystic   Conj           ######..     1%          4    ##.....
c - Iskenderun's Battles  Conj/Chrm      ######..     1%          5    ####...
d - Flame Tongue          Conj/Fire      #####        1%          1    None


Dungeon Overview and Level Annotations

Branches:
Dungeon (11/15)            Temple (1/1) D:6            Lair (1/8) D:9
    Orc: D:9-12

Altars:
Ashenzari
Cheibriados
Dithmenos
Elyvilon
Fedhas
Gozag
Kikubaaqudgha
Makhleb
Nemelex Xobeh
Okawaru
Pakellas
Qazlal
Ru
Sif Muna
Trog
Vehumet
Xom
Yredelemnul
Zin
The Shining One

Shops:
D:4 (   D:5 %   D:10 (   D:11 *

Annotations:
D:10 Fannar


Message History

Press: ? - help, Shift-Dir - straight line, f/p - black mamba
Aim: a black mamba (severely wounded) Tha magic dart hits tha black mamba.
Tha black mamba be severely wounded.
Ye feel sick.
Yer battlesphere fires!
Tha barrage o' energy hits tha hippogriff.
Tha hippogriff be almost dead.
Yer battlesphere 'spends tha last o' its energy an' dissipates.
Tha black mamba bites ye!
* * * LOW HITPOINT WARNIN'
* * * Tha black mamba bites ye but does nay damage.
Ye feel sick.
Tha black mamba barely misses ye.
Ye hit tha black mamba.
Tha black mamba be severely wounded.
Ye feel sick.
Tha black mamba closely misses ye.
Tha black mamba misses ye.
Ye barely miss tha black mamba.
Tha black mamba be severely wounded.
Ye feel sick.
Tha black mamba bites ye!
Ye die...

**,** *..#.# *, ***** *,,**
##.#.# ** *,,,********,,*
#P...# **,,,,,,,,,,,,**
*#.#.##### *,,*,**,******,*
#....#... **,****** ***
##...#.## *,* *** #....#.#.
*,*##P############........
*,,#.....@SH.†.#.........#
*,*#..##P#####÷†.#..##....
*,*,,,*##* #.††.##..##..#
*,*,*,***** #P.r.##>#.#...
**,,,,,,,*,**##.†..H.......
*,,,*,**,,,,* #....†.......
**,,,*,,,,*,* #.≈≈.P...P.≈≈
**,,*,*,**,* #†≈≈≈P≈P.≈P≈≈
**,,,**,*,**#.†≈≈≈≈P≈≈≈P≈


You could see a black mamba and a hippogriff.

Vanquished Creatures
  Erolcha (D:8)
  A centaur warrior (D:10)
  Erica (D:8)
  2 unseen horrors (D:8)
  Pikel (D:6)
  An ugly thing (D:9)
  A cyclops (D:10)
  Maurice (D:8)
  A black mamba (Lair:1)
  Psyche (D:9)
  Grinder (D:3)
  A wraith (D:8)
  5 yaks
  Menkaure (D:5)
  3 hippogriffs
  Edmund (D:5)
  A mottled dragon (D:10)
  2 water moccasins (Lair:1)
  A porcupine (Lair:1)
  A slave (D:6)
  2 ice beasts
  6 orc warriors
  4 sky beasts
  2 black bears
  2 phantoms
  5 ogres
  4 centaurs
  A crocodile (D:10)
  Blork the orc (D:5)
  4 giant frogs
  A gnoll sergeant (D:6)
  4 scorpions
  5 killer bees (D:10)
  4 howler monkeys
  2 electric eels
  3 crimson imps
  A wasp zombie (D:10)
  2 centaur zombies (D:7)
  A quasit (D:9)
  A centaur skeleton (D:8)
  2 giant frog zombies
  4 orc priests
  3 hounds
  2 giant frog skeletons
  5 orc wizards
  3 iguanas
  11 worker ants
  2 killer bee zombies
  A hound zombie (D:6)
  3 hound skeletons
  7 gnolls
  A howler monkey skeleton (D:4)
  10 adders
  12 river rats
  A shadow imp (D:7)
  3 oozes
  An adder skeleton (D:8)
  3 worms
  A dart slug (D:1)
  5 giant geckos
  19 orcs
  15 bats
  7 giant cockroaches
  6 hobgoblins
  9 jackals
  6 quokkas
  2 ball pythons
  6 giant newts
  7 goblins
  8 kobolds
  A quokka skeleton (D:5)
  20 rats
269 creatures vanquished.

Notes
Turn   | Place    | Note
--------------------------------------------------------------
     0 | D:1      | Heedrag the Deep Elf Conjurer began the quest for the Orb.
     0 | D:1      | Reached XP level 1. HP: 10/10 MP: 6/6
   122 | D:1      | Reached XP level 2. HP: 15/15 MP: 4/8
   361 | D:1      | Reached skill level 5 in Conjurations
   721 | D:1      | Reached XP level 3. HP: 19/19 MP: 6/10
  1258 | D:2      | Reached XP level 4. HP: 24/24 MP: 3/12
  1274 | D:2      | Learned a level 4 spell: Iskenderun's Mystic Blast
  2012 | D:3      | Reached skill level 6 in Conjurations
  2097 | D:3      | Noticed Grinder
  2372 | D:4      | Reached XP level 5. HP: 28/28 MP: 7/14
  2485 | D:4      | Found Vudisir's Antique Weapon Shop.
  2570 | D:4      | Reached skill level 5 in Spellcasting
  2593 | D:4      | Noticed an ogre
  2604 | D:4      | Learned a level 5 spell: Iskenderun's Battlesphere
  2651 | D:4      | Gained mutation: You have a beak for a mouth. [potion of mutation]
  2651 | D:4      | Gained mutation: Your magical capacity is low (-10% MP). [potion of mutation]
  2651 | D:4      | Gained mutation: You have supernaturally acute eyesight. [potion of mutation]
  2655 | D:4      | HP: 1/28 [poisoned by a worker ant]
  3219 | D:5      | Entered Level 5 of the Dungeon
  3227 | D:5      | Found Vodgh's Food Emporium.
  3264 | D:5      | Reached XP level 6. HP: 28/32 MP: 7/14
  3338 | D:4      | Noticed an ice beast
  3360 | D:5      | Reached skill level 7 in Conjurations
  3400 | D:5      | Noticed Edmund
  3553 | D:5      | Noticed Blork the orc
  4097 | D:6      | Reached skill level 8 in Conjurations
  4097 | D:6      | Reached XP level 7. HP: 17/36 MP: 2/17
  4236 | D:6      | Found a shattered altar of Ashenzari.
  4270 | D:6      | Found an opulent altar of Gozag.
  4306 | D:6      | Found a staircase to the Ecumenical Temple.
  4338 | Temple   | Entered the Ecumenical Temple
  4404 | Temple   | Became a worshipper of Vehumet
  4569 | D:6      | Found a glowing golden altar of the Shining One.
  4824 | D:6      | Reached skill level 1 in Charms
  5014 | D:5      | Noticed Menkaure
  5252 | D:5      | Killed Menkaure
  5252 | D:5      | Reached skill level 9 in Conjurations
  5431 | D:5      | Reached XP level 8. HP: 37/41 MP: 12/19
  5561 | D:5      | Killed Blork the orc
  5836 | D:4      | Reached * piety under Vehumet
  5836 | D:4      | Offered knowledge of Sandblast by Vehumet.
  5840 | D:4      | Found a glowing silver altar of Zin.
  5840 | D:4      | Found a stormy altar of Qazlal.
  5843 | D:4      | Found an oddly glowing altar of Pakellas.
  6054 | D:3      | Killed Grinder
  6054 | D:3      | Reached skill level 10 in Conjurations
  6467 | D:5      | Killed Edmund
  6467 | D:5      | Reached skill level 1 in Fighting
  6467 | D:5      | Reached skill level 5 in Charms
  6539 | D:5      | Found a stormy altar of Qazlal.
  6546 | D:5      | Noticed an air elemental
  6704 | D:6      | Noticed Pikel
  6718 | D:6      | Killed Pikel
  6718 | D:6      | Reached XP level 9. HP: 36/48 MP: 2/21
  7446 | D:7      | Found a sacrificial altar of Ru.
  7810 | D:7      | Found an iron altar of Okawaru.
  8016 | D:7      | Offered knowledge of Flame Tongue by Vehumet.
  8016 | D:7      | Reached skill level 11 in Conjurations
  8083 | D:7      | Reached ** piety under Vehumet
  8345 | D:8      | Learned a level 1 spell: Flame Tongue
  8358 | D:8      | Found a snail-covered altar of Cheibriados.
  8452 | D:8      | Noticed Erica
  8496 | D:8      | Killed Erica
  8496 | D:8      | Reached skill level 5 in Dodging
  8496 | D:8      | Reached skill level 1 in Fire Magic
  8496 | D:8      | Reached XP level 10. HP: 42/56 MP: 3/23
  8734 | D:8      | Noticed an unseen horror
  8742 | D:8      | Killed an unseen horror
  8748 | D:8      | Noticed an unseen horror
  8957 | D:8      | Killed an unseen horror
  8974 | D:8      | Reached skill level 10 in Spellcasting
  8990 | D:8      | Noticed Erolcha
  9163 | D:8      | Killed Erolcha
  9163 | D:8      | Reached skill level 5 in Fighting
  9163 | D:8      | Reached skill level 12 in Conjurations
  9427 | D:8      | Found a glowing silver altar of Zin.
  9479 | D:8      | Noticed Maurice
  9483 | D:8      | Killed Maurice
 10412 | D:9      | Offered knowledge of Throw Frost by Vehumet.
 10437 | D:9      | Found a staircase to the Lair.
 10506 | D:9      | Reached *** piety under Vehumet
 10628 | D:9      | Reached XP level 11. HP: 64/64 MP: 16/24
 10733 | D:9      | Got a wavering silver ring
 10734 | D:9      | Identified the ring "Rauchos" {SustAt rC- rN+ Int+3} (You found it on level 9 of the Dungeon)
 10793 | D:9      | Noticed a white ugly thing
 10803 | D:9      | Killed a white ugly thing
 10808 | D:9      | Gained mutation: You possess an exceptional clarity of mind. [mutagenic meat]
 10921 | D:9      | Offered knowledge of Olgreb's Toxic Radiance by Vehumet.
 11232 | D:9      | Noticed Psyche
 11235 | D:9      | Killed Psyche
 11355 | D:10     | Entered Level 10 of the Dungeon
 11538 | D:10     | Noticed a centaur warrior
 11563 | D:11     | Found Sukuh's General Store.
 11563 | D:11     | Noticed a hill giant
 11712 | D:10     | Killed a centaur warrior
 11912 | D:10     | Reached **** piety under Vehumet
 12021 | D:10     | Offered knowledge of Sticky Flame by Vehumet.
 12038 | D:10     | Noticed Fannar
 12159 | D:10     | Found Rumom's Weapon Shop.
 12382 | Lair:1   | Entered Level 1 of the Lair of Beasts
 12531 | Lair:1   | Reached skill level 13 in Conjurations
 12577 | Lair:1   | Lost mutation: Your magical capacity is low (-10% MP). [potion of cure mutation]
 12577 | Lair:1   | Lost mutation: You have supernaturally acute eyesight. [potion of cure mutation]
 12577 | Lair:1   | Lost mutation: You possess an exceptional clarity of mind. [potion of cure mutation]
 12577 | Lair:1   | Lost mutation: You have a beak for a mouth. [potion of cure mutation]
 12587 | Lair:1   | Slain by a black mamba

Skill      XL: |  1  2  3  4  5  6  7  8  9 10 11 |
---------------+----------------------------------+-----
Conjurations   | 5 6 8 9 10 11 12 13 | 13.0
Spellcasting   | 4 5 6 7 8 9 10 | 10.9
Charms         | 2 5 6 8 9 |  9.0
Fighting       | 2 4 5 6 |  6.2
Dodging        | 3 5 6 7 |  7.2
Fire Magic     | 1 3 4 |  4.3
Stealth        | |  2.4

Action                   |  1- 3 |  4- 6 |  7- 9 | 10-12 || total
-------------------------+-------+-------+-------+-------++-------
Melee: Short sword       |       |     8 |       |       ||     8
       Trident           |       |       |    11 |    63 ||    74
       Peck              |       |       |     2 |     5 ||     7
 Cast: Magic Dart        |    85 |   125 |   202 |   238 ||   650
       Iskenderun's Myst |       |     7 |    10 |    28 ||    45
       Iskenderun's Batt |       |       |    28 |    39 ||    67
  Use: Potion            |       |     7 |       |     6 ||    13
       Scroll            |       |       |       |     7 ||     7
 Stab: Distracted        |       |       |       |     1 ||     1
       Sleeping          |       |       |       |     1 ||     1
  Eat: Chunk             |     1 |     7 |    15 |    25 ||    48
       Beef jerky        |       |     1 |     1 |       ||     2
       Meat ration       |       |       |     1 |       ||     1
Armor: Robe              |     1 |    12 |    16 |    47 ||    76
Dodge: Dodged            |     7 |    22 |    44 |   149 ||   222
